 Dungeon Crawl Stone Soup version 0.17-a0-1945-gfe993df (webtiles) character file.

109 4thArraOfDagon the Chopper (level 4, -4/38 HPs)
             Began as a Hill Orc Gladiator on Sept 30, 2015.
             Slain by an ogre
             ... wielding a +0 giant spiked club
              (14 damage)
             ... on level 4 of the Dungeon.
             The game lasted 00:01:58 (342 turns).

4thArraOfDagon the Chopper (Hill Orc Gladiator)      Turns: 342, Time: 00:01:58

Health: -4/38      AC:  8    Str: 17    XL:     4   Next: 90%
Magic:  5/5        EV: 11    Int:  9    God:
Gold:   48         SH:  0    Dex: 11    Spells: 0 memorised, 3 levels left

rFire  . . .     SeeInvis .     a - +0 war axe
rCold  . . .     Clarity  .     p - +0 ring mail
rNeg   . . .     SustAt   .     (no shield)
rPois  .         Gourm    .     l - +1 hat
rElec  .         Spirit   .     (no cloak)
rCorr  .         Warding  .     (no gloves)
rMut   .         Stasis   .     g - +1 pair of boots
MR     .....                    (no amulet)
Stlth  +.........               (no ring)
                                (no ring)

@: not resistant to hostile enchantments, very unstealthy
A: no striking features
a: no special abilities


You were on level 4 of the Dungeon.
You were not hungry.

You visited 1 branch of the dungeon, and saw 5 of its levels.

You collected 48 gold pieces.

Inventory:

Hand weapons
 a - a +0 war axe (weapon)
Armour
 c - a +0 helmet
 g - a +1 pair of boots (worn)
 l - a +1 hat (worn)
 p - a +0 ring mail (worn)
Magical devices
 j - a wand of paralysis (6)
Scrolls
 f - 2 scrolls of amnesia {unknown}
 h - a scroll of teleportation {unknown}
 i - a scroll of blinking {unknown}
 o - a scroll of enchant weapon {unknown}
Potions
 b - a potion of brilliance {unknown}
 m - a potion of cure mutation {unknown}
Comestibles
 e - a bread ration
 k - 3 chunks of flesh
 n - a meat ration


   Skills:
 + Level 3.4 Fighting
 * Level 5.4 Axes
 - Level 2.0 Throwing
 + Level 2.9 Dodging
 * Level 1.6 Evocations


You had 3 spell levels left.
You didn't know any spells.

Dungeon Overview and Level Annotations

Branches:
Dungeon (5/15)
 Temple: D:4-7

Altars:


Message History

You hit the ogre.
The ogre is lightly wounded.
The ogre struggles against the net. x2
You hit the ogre.
The ogre is moderately wounded.
The ogre struggles against the net.
The net rips apart, and the ogre comes free!
You hit the ogre.
The ogre is moderately wounded.
The ogre barely misses you.
Unknown command.
Unknown command.
Evoke which item? (* to show all) (? for menu, Esc to quit)
Zapping:
j - a wand of paralysis {zapped: 4} (will waste charges)
Press: ? - help, Shift-Dir - straight line, f/p - ogre
Aim: an ogre, wielding a giant spiked club (moderately wounded, chance to defeat MR: 50%)
The ogre resists with some effort.
Evoking this partially-identified wand wasted a few charges.
The ogre hits you with a giant spiked club!
You die...

###..# ....# #...#
#...# #...# #...#
#..O# #..@# #...#
......###
...........#
.....#.###.#
####.#. #.# # #.
#.# #. #.# #
#.###.#############


You could see an ogre.

Vanquished Creatures
  An orc priest (D:4)
  An orc wizard (D:4)
  A worker ant (D:4)
  A hound skeleton (D:4)
  A shadow imp (D:4)
  2 orcs (D:4)
  A bat (D:3)
  2 goblins (D:3)
  5 jackals (D:4)
  A giant newt (D:4)
  A rat (D:3)
17 creatures vanquished.

Notes
Turn   | Place    | Note
--------------------------------------------------------------
     0 | D:1      | 4thArraOfDagon the Hill Orc Gladiator began the quest for the Orb.
     0 | D:1      | Reached XP level 1. HP: 18/18 MP: 1/1
   160 | D:4      | Reached XP level 2. HP: 25/25 MP: 2/2
   187 | D:4      | Noticed a worker ant
   201 | D:4      | Killed a worker ant
   201 | D:4      | Reached XP level 3. HP: 28/31 MP: 3/3
   219 | D:4      | Reached skill level 1 in Evocations
   245 | D:4      | Noticed an orc priest
   262 | D:4      | Killed an orc priest
   262 | D:4      | Reached skill level 5 in Axes
   262 | D:4      | Reached XP level 4. HP: 22/38 MP: 4/4
   280 | D:4      | Noticed an orc wizard
   284 | D:4      | Killed an orc wizard
   309 | D:5      | Entered Level 5 of the Dungeon
   337 | D:4      | Noticed an ogre
   342 | D:4      | Slain by an ogre

Vault maps used:
D:1:      eino_arrival_druids_welcome
D:2:      kennysheep_goblin_castle, first_bread, uniq_natasha
D:3:      makhleb_grotto_becter, nicolae_overflow_quartered_altars,
          minmay_misc_feat_diagonals, minmay_misc_feat_secret_circle,
          minmay_misc_feat_tiny
D:4:      serial_shops, kennysheep_mini
D:5:      serial_shops, shop

Action                   |  1- 3 |  4- 6 || total
-------------------------+-------+-------++-------
Melee: War axe           |    38 |    16 ||    54
Throw: Throwing net      |     3 |     1 ||     4
Evoke: Wand              |     2 |     1 ||     3
 Stab: Paralysed         |     6 |       ||     6
       Held in net/web   |     1 |       ||     1
